 Dungeon Crawl Stone Soup version 0.24-a0-254-gf493760 (webtiles) character file.

Game seed: 8478004289507967541

57642 Lanoc the Martial Artist (level 14, 0/124 HPs)
             Began as a Grey Draconian Transmuter on Apr 18, 2019.
             Killed from afar by an acid blob (6 damage)
             ... with a splash of acid
             ... on level 1 of the Pits of Slime.
             The game lasted 00:48:30 (16899 turns).

Lanoc the Martial Artist (DrTm)                    Turns: 16899, Time: 00:48:31

Health: 0/124      AC: 10    Str: 14    XL:     14   Next: 46%
Magic:  18/21      EV: 18    Int: 15    God:
Gold:   1328       SH:  0    Dex: 14    Spells: 6/23 levels left

rFire    . . .     SeeInvis .     - Unarmed
rCold    . . .     Gourm    .   (shield currently unavailable)
rNeg     . . .     Faith    .   (armour unavailable)
rPois    +         Spirit   .   i - +2 hat
rElec    .         Reflect  .   t - +0 cloak
rCorr    .         Harm     .   (gloves currently unavailable)
MR       +....                  x - +1 pair of boots
Stlth    +.........             I - amulet of regeneration
HPRegen  0.70/turn              L - ring of wizardry
MPRegen  0.17/turn              l - ring of poison resistance

@: confused, blade hands, corroded, hasted, very quick
A: walk through water, unfitting armour, unbreathing, cold-blooded, AC +13
a: End Transformation


You were on level 1 of the Pits of Slime.
You were not hungry.
You had blades for hands.
You visited 4 branches of the dungeon, and saw 16 of its levels.
You also visited: Ossuary and Volcano.

You collected 1352 gold pieces.
You spent 24 gold pieces at shops.

Inventory:

Hand Weapons
 H - a +1 great sword of flaming
Missiles
 a - 82 arrows
Armour
 i - a +2 hat (worn)
 t - a +0 cloak (worn)
 x - a +1 pair of boots (worn)
Magical Staves
 P - an uncursed staff of energy
Jewellery
 h - an uncursed ring of protection from cold
 l - a ring of poison resistance (right scythe-like blade)
 F - an uncursed ring of see invisible
 I - an amulet of regeneration (around neck)
 L - a ring of wizardry (left scythe-like blade)
 M - a +4 amulet of reflection
Wands
 b - a wand of random effects (19)
 k - a wand of polymorph (13)
 y - a wand of digging (4)
 B - a wand of iceblast (6)
 E - a wand of disintegration (13)
 J - a wand of paralysis (16)
 K - a wand of flame (14)
Scrolls
 e - 8 scrolls of remove curse
 f - a scroll of teleportation
 m - 3 scrolls of amnesia
 q - a scroll of holy word
 s - 3 scrolls of magic mapping
 v - a scroll of immolation
 w - a scroll of enchant weapon
 N - 3 scrolls of identify
 O - a scroll of enchant armour
Potions
 g - 2 potions of might
 j - a potion of brilliance
 n - 3 potions of cancellation
 p - 4 potions of magic
 r - 5 potions of lignification
 z - a potion of flight
 C - 2 potions of berserk rage
 D - a potion of invisibility
 G - a potion of mutation
Comestibles
 c - 24 rations
 o - 4 chunks of flesh


   Skills:
 + Level 11.2 Fighting
 + Level 9.5 Dodging
 * Level 14.2 Unarmed Combat
 - Level 5.0 Spellcasting
 * Level 14.1 Transmutations


You had 6 spell levels left.
You knew the following spells:

 Your Spells              Type           Power        Failure   Level  Hunger
a - Beastly Appendage     Tmut           #####.       2%          1    None
b - Sticks to Snakes      Tmut           #####...     2%          2    ##.....
c - Spider Form           Tmut/Pois      ###.......   10%         3    ###....
d - Blade Hands           Tmut           #####.....   7%          5    ######.
e - Passwall              Tmut/Erth      ###.....     7%          2    ##.....
f - Petrify               Tmut/Erth      ###.....     19%         4    ####...

Your spell library contained the following spells:

 Spells                   Type           Power        Failure   Level  Hunger
 Ice Form                 Ice/Tmut       ###.....     19%         4    ####...
 Confusing Touch          Hex            #.....       26%         1    None
 Sandblast                Erth           #.....       26%         1    None
 Shock                    Conj/Air       #...         26%         1    None
 Summon Small Mammal      Summ           #...         26%         1    None
 Call Imp                 Summ           #.......     34%         2    ##.....
 Swiftness                Chrm/Air       #.......     34%         2    ##.....
 Yara's Violent Unravell  Hex/Tmut       ###.......   36%         5    ######.
 Call Canine Familiar     Summ           #.......     50%         3    ###....
 Confuse                  Hex            #.......     50%         3    ###....
 Gell's Gravitas          Tloc           #.........   50%         3    ###....
 Static Discharge         Conj/Air       #.......     50%         3    ###....
 Stone Arrow              Conj/Erth      #.....       50%         3    ###....
 Summon Guardian Golem    Hex/Summ       #.......     50%         3    ###....
 Airstrike                Air            #.........   82%         4    ####...
 Cause Fear               Hex            #.........   82%         4    ####...
 Summon Ice Beast         Ice/Summ       #.......     82%         4    ####...
 Summon Lightning Spire   Summ/Air       #.......     82%         4    ####...
 Lee's Rapid Deconstruct  Erth           #.........   97%         5    ######.
 Lightning Bolt           Conj/Air       #.........   97%         5    ######.
 Metabolic Englaciation   Hex/Ice        #.........   97%         5    ######.
 Silence                  Hex/Air        #.........   97%         5    ######.
 Deflect Missiles         Chrm/Air       #.........   100%        6    #######
 Discord                  Hex            #.........   100%        8    #######


Dungeon Overview and Level Annotations

Branches:
Dungeon (8/15)             Temple (1/1) D:4            Lair (6/6) D:8
 Shoals (0/4) Lair:4       Spider (0/4) Lair:3        Slime (1/5) Lair:6

Altars:
Ashenzari
Cheibriados
Dithmenos
Elyvilon
Fedhas
Gozag
Hepliaklqana
Kikubaaqudgha
Makhleb
Nemelex Xobeh
Okawaru
Qazlal
Ru
Sif Muna
Trog
Uskayaw
Vehumet
Wu Jian
Xom
Yredelemnul
The Shining One

Shops:
D:5 *


Innate Abilities, Weirdness & Mutations

You can walk through water.
Your dull iron-grey scales are very hard. (AC +13)
You cannot fit into any form of body armour.
You can survive without breathing.
You are cold-blooded and may be slowed by cold attacks.


Message History

You are more confused.
You feel better. The golden eye blinks at you. You resist with some effort.
The large slime creature hits you.
* * * LOW HITPOINT WARNING * * *
The slime creature hits you!
* * * LOW HITPOINT WARNING * * *
The acid blob spits acid at you. The splash of acid hits you.
* * * LOW HITPOINT WARNING * * *
You are splashed with acid!
* * * LOW HITPOINT WARNING * * *
Unknown command.
Unknown command.
The golden eye blinks at you.
You are confused.
The golden eye blinks!
The acid blob spits acid at you. The splash of acid hits you.
You die...

..# ###..........
...##..#...>.....
#........G.......
#...............#
.............G...
................
#....JJ..^...
##..J........
#...@J.......
......G.G.......
....##.......G...
... ....##.......
.. ....## .......
#..#..# ....... #
#.. ....... ...
.....


You could see an acid blob, a large slime creature, 2 slime creatures and 5
golden eyes.

Vanquished Creatures
  A fire dragon (Volcano)
  3 hydras
  4 two-headed ogres
  A merfolk avatar (Lair:6)
  2 lindwurms
  2 harpies (Lair:6)
  2 salamanders (Volcano)
  A merfolk siren (Lair:4)
  25 elephants
  A torpor snail (Lair:6)
  2 black mambas
  7 spiny frogs
  9 komodo dragons
  3 rime drakes
  A polar bear (Lair:2)
  2 hornets (Lair:6)
  3 wind drakes (Lair:6)
  7 blink frogs
  4 hippogriffs
  Sigmund (D:2)
  63 yaks
  6 wyverns
  A steam dragon (Volcano)
  4 hogs (D:7)
  A golden eye (Slime:1)
  3 basilisks
  A human (D:7)
  6 fire bats (Volcano)
  13 water moccasins
  9 porcupines
  2 orc warriors (D:6)
  A sky beast (D:5)
  A black bear (Lair:2)
  An eye of draining (D:8)
  A phantom (D:7)
  8 ogres
  6 wolves (Lair:4)
  A centaur (D:5)
  23 crocodiles
  A big kobold (D:7)
  11 bullfrogs
  A scorpion (D:7)
  3 wights (D:8)
  A howler monkey (D:6)
  An electric eel (Lair:2)
  3 crimson imps
  A bullfrog zombie (D:5)
  5 orc wizards
  2 centaur skeletons
  2 orc priests
  Crazy Yiuf (D:3)
  A hound (D:8)
  3 jellies
  5 hell rats (Lair:6)
  3 iguanas
  4 worker ants
  A hound zombie (D:8)
  6 mummies (Ossuary)
  2 worker ant zombies
  6 gnolls
  12 adders
  2 shadow imps
  3 oozes
  2 adder zombies
  8 worms
  2 leopard geckos (D:7)
  17 orcs
  5 giant cockroaches
  9 goblins
  5 hobgoblins
  17 jackals
  9 kobolds
  5 quokkas
  3 bats
  7 frilled lizards
  2 hobgoblin zombies (Ossuary)
  A jackal zombie (D:5)
  3 kobold zombies (Ossuary)
  An orc zombie (Ossuary)
  A quokka zombie (D:7)
  6 rats
415 creatures vanquished.

Vanquished Creatures (collateral kills)
  A salamander (Volcano)
  An elephant (Lair:6)
  An ogre (D:4)
  2 orc wizards (D:7)
  2 mummies (Ossuary)
  A howler monkey zombie (D:7)
  An adder (D:2)
  2 orcs (D:7)
  A hobgoblin (D:2)
  2 jackals (D:2)
  A frilled lizard (D:2)
  A hobgoblin zombie (Ossuary)
  An orc zombie (Ossuary)
  A rat (D:3)
18 creatures vanquished.

Vanquished Creatures (others)
  A wyvern (Volcano)
  7 fungi (Lair:6)
  66 plants
  A withered plant (D:5)
75 creatures vanquished.

Grand Total: 508 creatures vanquished

Notes
Turn   | Place    | Note
-------+----------+-------------------------------------------
     0 | D:1      | Lanoc the Draconian Transmuter began the quest for the Orb.
     0 | D:1      | Reached XP level 1. HP: 16/16 MP: 3/3
   309 | D:1      | Reached XP level 2. HP: 23/23 MP: 5/5
   346 | D:1      | Learned a level 2 spell: Sticks to Snakes
   697 | D:2      | Reached XP level 3. HP: 23/28 MP: 3/6
   703 | D:2      | Noticed Sigmund
  1030 | D:2      | Learned a level 3 spell: Spider Form
  1232 | D:2      | Reached XP level 4. HP: 20/36 MP: 5/7
  1588 | D:2      | Killed Sigmund
  1588 | D:2      | Reached XP level 5. HP: 24/42 MP: 4/9
  1609 | D:2      | You fall through a shaft for 2 floors!
  1692 | D:4      | Found a staircase to the Ecumenical Temple.
  1719 | Temple   | Entered the Ecumenical Temple
  1833 | D:4      | Reached XP level 6. HP: 50/50 MP: 6/10
  3280 | D:3      | Found a runed translucent door.
  3281 | D:3      | Noticed Crazy Yiuf
  3389 | D:3      | Killed Crazy Yiuf
  3893 | D:5      | Entered Level 5 of the Dungeon
  3962 | D:5      | Noticed a sky beast
  3976 | D:5      | Killed a sky beast
  3976 | D:5      | Reached skill level 5 in Unarmed Combat
  3976 | D:5      | Your scales start taking on a dull iron-grey colour.
  3976 | D:5      | Reached XP level 7. HP: 38/57 MP: 5/11
  3976 | D:5      | Gained mutation: You can survive without breathing. [Grey
                  | Draconian growth]
  4133 | D:5      | Found a sand-covered staircase.
  4138 | D:5      | Found Kokyb's General Store.
  4147 | D:5      | Bought a scroll of identify for 24 gold pieces
  4157 | Ossuary  | Entered an ossuary
  4242 | Ossuary  | Reached skill level 5 in Transmutations
  4860 | D:5      | Reached XP level 8. HP: 60/66 MP: 11/13
  5570 | D:6      | Found a bloodstained altar of Trog.
  5581 | D:6      | Found a white marble altar of Elyvilon.
  5582 | D:6      | Found an iron altar of Okawaru.
  5582 | D:6      | Found a shadowy altar of Dithmenos.
  6187 | D:7      | Found an ancient bone altar of Kikubaaqudgha.
  6399 | D:7      | Learned a level 5 spell: Blade Hands
  6417 | D:7      | Found an ornate altar of the Wu Jian Council.
  6536 | D:7      | Reached XP level 9. HP: 27/73 MP: 12/15
  6536 | D:7      | Reached skill level 5 in Fighting
  6949 | D:7      | Found a snail-covered altar of Cheibriados.
  6980 | D:7      | Found a radiant altar of Vehumet.
  6981 | D:7      | Found a burning altar of Makhleb.
  6981 | D:7      | Found a shimmering altar of Xom.
  6982 | D:7      | Found a basalt altar of Yredelemnul.
  7344 | D:8      | Found a staircase to the Lair.
  7374 | D:8      | Reached skill level 5 in Spellcasting
  7381 | D:8      | Reached skill level 5 in Dodging
  7543 | D:8      | Reached XP level 10. HP: 29/83 MP: 15/17
  8108 | D:8      | Noticed a two-headed ogre
  8116 | D:8      | Killed a two-headed ogre
  8359 | Lair:1   | Entered Level 1 of the Lair of Beasts
  8359 | Lair:1   | Noticed a spiny frog
  8367 | D:8      | Killed a spiny frog
  8426 | Lair:1   | Noticed a spiny frog
  8434 | Lair:1   | Killed a spiny frog
  8954 | Lair:1   | Noticed a spiny frog
  8961 | Lair:1   | Killed a spiny frog
  8990 | Lair:1   | Noticed a spiny frog
  8998 | Lair:1   | Killed a spiny frog
  8998 | Lair:1   | Reached XP level 11. HP: 81/92 MP: 12/18
  9010 | Lair:1   | Reached skill level 10 in Unarmed Combat
  9350 | Lair:2   | Found a dark tunnel.
  9356 | Volcano  | Entered a volcano
  9518 | Volcano  | Noticed a two-headed ogre
  9529 | Volcano  | Killed a two-headed ogre
  9529 | Volcano  | Reached skill level 10 in Transmutations
  9532 | Volcano  | HP: 3/92 [salamander/+1 glaive of holy wrath (11)]
 10361 | Volcano  | Noticed a two-headed ogre
 10367 | Volcano  | Killed a two-headed ogre
 10591 | Volcano  | Noticed a two-headed ogre
 10591 | Volcano  | Noticed a fire dragon
 10599 | Volcano  | Killed a two-headed ogre
 10604 | Volcano  | Killed a fire dragon
 11156 | Lair:2   | Reached XP level 12. HP: 104/104 MP: 19/19
 11665 | Lair:2   | Learned a level 2 spell: Passwall
 11670 | Lair:2   | Learned a level 4 spell: Petrify
 12217 | Lair:3   | Noticed a five-headed hydra
 12224 | Lair:3   | Killed a two-headed hydra
 12339 | Lair:3   | Found a hole to the Spider Nest.
 12445 | Lair:3   | Reached XP level 13. HP: 85/111 MP: 14/20
 13201 | Lair:4   | Reached skill level 10 in Fighting
 13445 | Lair:4   | Found a staircase to the Shoals.
 14473 | Lair:5   | You fall through a shaft!
 14473 | Lair:6   | Entered Level 6 of the Lair of Beasts
 14504 | Lair:6   | Found a radiant altar of Vehumet.
 14549 | Lair:6   | Found a staircase to the Slime Pits.
 14749 | Lair:6   | Reached XP level 14. HP: 68/122 MP: 12/21
 16881 | Slime:1  | Entered Level 1 of the Pits of Slime
 16881 | Slime:1  | Noticed an acid blob
 16898 | Slime:1  | HP: 5/124 [acid (13)]
 16899 | Slime:1  | Killed from afar by an acid blob

Levels and vault maps discovered:
D:1:      tarquinn_simple_flora_water_e, layout_loops_cross
D:2:      minmay_roachtagon, layout_basic, nicolae_overflow_hidden_temple,
          minmay_mini_jars, uniq_sigmund
D:3:      cheibrodos_helix_gallery, layout_loops_ring, uniq_crazy_yiuf_cottage
D:4:      layout_basic, minmay_temple_entry_hall
D:5:      layout_rooms, first_ration, serial_shops, shop,
          nicolae_ossuary_entry_monument, serial_undead, serial_undead_c,
          serial_undead_c, serial_undead_e, serial_undead_d,
          cheibrodos_sewer_entry_bend
D:6:      layout_loops_ring, minitemple, patterned_corridor
D:7:      layout_basic, grunt_temple_overflow_open, lemuel_doored_altar,
          cheibriados_altar_1, serial_glass, glass_columns_a, glass_columns_c,
          glass_columns_a, glass_columns_b, due_unseen_surprise, grunt_livestock
D:8:      layout_basic, minmay_lair_entry_grove
Temple:   eino_temple_lava
Lair:1:   layout_misc_corridors
Lair:2:   layout_regular_city, nicolae_volcano_entry_lava_flow,
          cheibrodos_lair_caveside_slide, gammafunk_lair_bear_cave
Lair:3:   layout_gridlike, dummy_spider_entry
Lair:4:   layout_cave_shapes, minmay_shoals_entry_lonely_mermaid
Lair:5:   layout_cave_pods, beast_lair_carwin_7
Lair:6:   gammafunk_lair_ancient_temple, layout_gridlike,
          dpeg_slime_entry_corner, basic_altar
Slime:1:  layout_caves
Ossuary:  ossuary_tomb_3
Volcano:  pf_volcano_lost_world

Skill      XL: |  1  2  3  4  5  6  7  8  9 10 11 12 13 14 |
---------------+-------------------------------------------+-----
Dodging        | 2 3 4 5 6 7 9 |  9.5
Fighting       | 2 3 4 6 7 9 10 11 | 11.2
Unarmed Combat | 4 5 7 8 9 11 12 13 14 | 14.2
Transmutations | 3 4 5 6 8 9 11 12 13 14 | 14.1
Spellcasting   | 3 4 5 |  5.0

Action                   |  1- 3 |  4- 6 |  7- 9 | 10-12 | 13-15 || total
-------------------------+-------+-------+-------+-------+-------++-------
Melee: Unarmed           |   120 |   200 |   448 |   258 |   495 ||  1521
       Tailslap          |    14 |    15 |    29 |    29 |    68 ||   155
       Kick              |    14 |     9 |       |       |       ||    23
       Punch             |     1 |     2 |     5 |    10 |    36 ||    54
       Headbutt          |     1 |    10 |    32 |     3 |       ||    46
       Great sword       |       |       |       |     4 |    11 ||    15
 Cast: Beastly Appendage |    13 |    18 |    21 |     4 |     1 ||    57
       Sticks to Snakes  |     5 |    27 |    20 |    18 |    15 ||    85
       Spider Form       |       |     4 |    18 |     4 |     2 ||    28
       Blade Hands       |       |       |       |    24 |    43 ||    67
Evoke: Wand              |       |       |     1 |     2 |     4 ||     7
  Use: Potion            |       |     4 |     4 |     3 |    17 ||    28
       Scroll            |       |    10 |     6 |     7 |    10 ||    33
 Stab: Sleeping          |     1 |       |     1 |     1 |       ||     3
       Distracted        |       |       |       |     2 |     1 ||     3
  Eat: Chunk             |     2 |     8 |    12 |    20 |    23 ||    65
       Ration            |       |     1 |     1 |     1 |     2 ||     5
Armor: Skin              |    38 |    54 |   101 |    76 |   169 ||   438
Dodge: Dodged            |   116 |   158 |   269 |   200 |   496 ||  1239
       Rpst.: Great sword |       |       |       |     3 |     4 ||     7

Table legend:
 A = Non-vault XP
 B = Vault XP
 C = Vault XP percentage of total XP
 D = Non-vault monster count
 E = Vault monster count
 F = Vault count percentage of total count
                 A         B        C        D         E       F
            +---------+---------+-------+---------+---------+-------
      Total |   44496 |   22667 |  33.7 |     321 |     112 |  25.9
            +---------+---------+-------+---------+---------+-------
        D:1 |      18 |       0 |   0.0 |      10 |       0 |   0.0
        D:2 |      54 |     265 |  83.1 |      19 |      10 |  34.5
        D:3 |     127 |      37 |  22.6 |      28 |       3 |   9.7
        D:4 |     161 |       0 |   0.0 |      13 |       0 |   0.0
        D:5 |     542 |     104 |  16.1 |      11 |       6 |  35.3
        D:6 |     648 |       0 |   0.0 |      18 |       0 |   0.0
        D:7 |     724 |     848 |  53.9 |      38 |       5 |  11.6
        D:8 |    2727 |    1662 |  37.9 |      25 |      12 |  32.4
     Lair:1 |    3682 |       0 |   0.0 |      19 |       0 |   0.0
     Lair:2 |     541 |     473 |  46.6 |       4 |       3 |  42.9
     Lair:3 |    2348 |       0 |   0.0 |       7 |       0 |   0.0
     Lair:4 |   13083 |     481 |   3.5 |      55 |       1 |   1.8
     Lair:5 |    3579 |    2628 |  42.3 |      16 |       6 |  27.3
     Lair:6 |   16072 |    7970 |  33.2 |      57 |      24 |  29.6
    Slime:1 |     190 |       0 |   0.0 |       1 |       0 |   0.0
    Ossuary |       0 |     138 | 100.0 |       0 |      16 | 100.0
    Volcano |       0 |    8061 | 100.0 |       0 |      26 | 100.0
            +---------+---------+-------+---------+---------+-------
